montu, chaotic male human Wizard ------- |.....| |.....-###########%########## |.....| ---------- |.>....### ------ .......... |.....| ##.....-####@r.......e..| |.....-## # |{...| .......... -----.- # ### |....| .......| ### #### #.....| .....| # ### |...<| ...| ### # ------ ---- # # # -.------# |......|# |......|# |.......# -------- montu the Conjurer Experience level: 3 Strength: 12 Dexterity: 11 Constitution: 16 Intelligence: 18 Wisdom: 11 Charisma: 9 Health: 0(33) Energy: 16(24) Def: 1 Gold: 517 Moves: 2220 Dungeon seed: KpaCxGZlwPVwe1lG Game ID: montu_1681352586 Your Inventory: Coins $ - 517 gold pieces Weapons a - a blessed +1 quarterstaff (weapon in hands) x - an uncursed +0 sling of hunger Armor e - an uncursed +0 cloak of magic resistance (being worn) n - an uncursed +0 oilskin cloak q - an uncursed +0 bronze plate mail r - a cursed -2 cloak of invisibility and fumbling z - an uncursed +0 dwarvish cloak of warning Comestibles i - an uncursed food ration t - 2 uncursed tripe rations Scrolls l - a cursed scroll of identify m - an uncursed scroll of identify A - a blessed scroll of destroy armor Potions j - a blessed potion of see invisible p - an uncursed potion of booze s - an uncursed potion of water u - a blessed potion of enlightenment v - a cursed potion of booze Wands b - an uncursed wand of striking (0:4) w - an uncursed wand of light (0:11) Tools h - an uncursed blindfold k - an uncursed skeleton key Gems y - an uncursed luckstone Spells and supernatural/magical abilities: Name Level Category Cost Memory a - force bolt 1 attack 8pw 97% m - magic missile 2 attack 16pw 97% u - confuse monster 2 enchantment 16pw 97% O - summoning 2 clerical 25pw 97% W - pray for help -- divine ? -- Your skills at the end: Fighting Skills wands [Basic] Weapon Skills quarterstaff [Basic] Spellcasting Skills attack spells [Basic] enchantment spells [Basic] Final Attributes: You were piously aligned. You were magic resistant. You were lucky. You had extra luck. Bad luck did not time out for you. Good luck did not time out for you. Anhur was noncommittal. You are dead. Vanquished creatures: a kobold lord a kobold shaman an iguana an acid blob a hobbit a gecko 8 jackals a goblin 2 sewer rats 2 grid bugs a kobold zombie a newt 21 creatures vanquished. Voluntary challenges: You were an atheist. You used a wielded weapon 27 times, starting on turn 331. You read items or engraved 1 time, starting on turn 1872. You never genocided any monsters. You never polymorphed an object. You never changed form. You used no wishes. You never split a pudding. You wrote Elbereth's name 1 time, starting on turn 1872. You never violated your personal moral code. Dungeon overview: The Dungeons of Doom: levels 1 to 5 Level 1 a vault a long staircase Level 2 some fountains Level 3 a fountain a long staircase Level 4 a vault Level 5 <- You were here a fountain History has recorded: On T:1 you entered the Dungeons of Doom to retrieve the Amulet of Yendor! On T:354 you reached level 2 of The Dungeons of Doom. On T:987 you reached level 3 of The Dungeons of Doom. On T:1074 you advanced to experience level 2. On T:1397 you reached level 4 of The Dungeons of Doom. On T:1804 you advanced to experience level 3. On T:1930 you reached level 5 of The Dungeons of Doom. Score breakdown: Gold: 517 ( 9233 points) Experience: 3 levels ( 7878 points) Exploration: 5 levels ( 10.00%) ( 8571 points) Discoveries: 0 items ( 0.00%) ( 0 points) Valuables value: (no points given unless you survive) Artifact value: 0 ( 0 points) Variety of kills: 12 monsters ( 3.16%) ( 5331 points) Turncount: 2220 turns ( -155 points) Survival: died (score multiplied by 80%) Total score: 24686 Latest messages: Where do you want to travel to? A kobold shaman blocks your way. You hit the kobold shaman! You kill the kobold shaman! You see here a kobold shaman corpse. (2x) Where do you want to travel to? The door opens. You stop exploring. You slow down under the floating eye's gaze. [2 turns] You hit the rabid rat. The rabid rat bites! (2x) [2 turns] You miss the rabid rat. The rabid rat bites! (2x) [2 turns] You hit the rabid rat. The rabid rat bites! Your speed returns. The force bolt misses the rabid rat. The rabid rat bites! You die... Final status: Goodbye montu the Wizard, killed by a rabid rat... You died in The Dungeons of Doom on dungeon level 5 with 24686 points, and 517 pieces of gold, after 2220 moves. You were level 3 with a maximum of 33 hit points when you died.